 Dungeon Crawl Stone Soup version 0.22.1-6-g1668fe2c40 (webtiles) character file.

249 Kohma the Tainter (level 6, -10/50 HPs)
             Began as a Naga Venom Mage on Jan 25, 2019.
             Mangled by an ogre
             ... wielding a +0 giant club
              (16 damage)
             ... on level 4 of the Dungeon.
             The game lasted 00:17:44 (4004 turns).

Kohma the Tainter (Naga Venom Mage)                 Turns: 4004, Time: 00:17:45

Health: -10/50     AC: 10    Str: 17    XL:     6   Next: 12%
Magic:  1/9        EV:  9    Int: 15    God:
Gold:   247        SH:  0    Dex: 12    Spells: 2/9 levels left

rFire    . . .     SeeInvis +   o - +0 hunting sling
rCold    . . .     Gourm    .   (no shield)
rNeg     . . .     Faith    .   t - +2 leather armour {MR+}
rPois    +         Spirit   .   (no helmet)
rElec    .         Reflect  .   u - +2 cloak
rCorr    .         Harm     .   d - +2 pair of gloves
MR       +....                  (no barding)
Stlth    ++........             (no amulet)
HPRegen  0.16/turn              q - +2 ring of protection
MPRegen  0.11/turn              r - -3 ring of protection (curse)

@: mighty, hasted, quick
A: large, see invisible, deformed body, poison resistance, slowness 2, slow
metabolism 1, spit poison 1, AC +2
a: Spit Poison


You were on level 4 of the Dungeon.
You were hungry.

You visited 1 branch of the dungeon, and saw 4 of its levels.

You collected 247 gold pieces.

Inventory:

Hand Weapons
 a - a +0 mace of holy wrath
 i - a -1 short sword
 n - a +0 spear
 o - a +0 hunting sling (weapon)
Missiles
 f - 118 stones (quivered)
 l - 149 arrows
 m - 31 bolts
Armour
 d - a +2 pair of gloves (worn)
 t - a +2 leather armour of magic resistance (worn)
 u - a +2 cloak (worn)
Jewellery
 g - a cursed ring of attention {unknown}
 q - a +2 ring of protection (left hand)
 r - a cursed -3 ring of protection (right hand)
 v - an uncursed ring of stealth {unknown}
Potions
 h - 3 potions of agility {unknown}
 p - a potion of magic {unknown}
 s - a potion of mutation {unknown}
Comestibles
 b - a chunk of flesh
 c - 5 rations


   Skills:
 + Level 0.3 Fighting
 - Level 1.5 Dodging
 - Level 3.0 Stealth
 + Level 2.0 Spellcasting
 * Level 1.9 Conjurations
 * Level 0.6 Air Magic
 - Level 8.2 Poison Magic


You had 2 spell levels left.
You knew the following spells:

 Your Spells              Type           Power        Failure   Level  Hunger
a - Sting                 Conj/Pois      ###.         3%          1    #......
b - Poisonous Vapours     Pois/Air       ##....       7%          2    ###....
c - Olgreb's Toxic Radia  Pois           ####....     9%          4    #####..

Your spell library contained the following spells:

 Spells                   Type           Power        Failure   Level  Hunger
 Animate Skeleton         Necr           N/A          26%         1    #......
 Pain                     Necr           #...         26%         1    #......
 Mephitic Cloud           Conj/Pois/Air  ##......     19%         3    ###....
 Regeneration             Chrm/Necr      #.........   63%         3    ###....
 Vampiric Draining        Necr           #.........   63%         3    ###....
 Venom Bolt               Conj/Pois      ###.......   67%         5    ######.
 Animate Dead             Necr           N/A          95%         4    #####..


Dungeon Overview and Level Annotations

Branches:
Dungeon (4/15)
 Temple: D:4-7

Altars:
Gozag
Okawaru
Ru
Vehumet

Shops:
D:3 *


Innate Abilities, Weirdness & Mutations

You cannot wear boots.
Your serpentine skin is tough. (AC +2)
You have supernaturally acute eyesight. (SInv)
Armour fits poorly on your strangely shaped body.
Your system is resistant to poisons. (rPois)
You cover ground very slowly.
You have a slow metabolism.
You can spit poison.


Message History

Aim: an ogre, wielding a giant club (moderately wounded)
You shoot a stone. The stone hits the ogre.
The ogre is moderately wounded.
The ogre hits you with a giant club!!
* * * LOW HITPOINT WARNING * * *
You feel yourself speed up. The ogre barely misses you.
You aren't carrying any scrolls.
You feel very mighty all of a sudden.
Firing (i - inventory)
f - 120 stones (quivered)
Press: ? - help, Shift-Dir - straight line, f/p - ogre
Aim: an ogre, wielding a giant club (moderately wounded)
You shoot a stone. The stone hits the ogre.
The ogre is heavily wounded.
The ogre hits you but does no damage.
Firing (i - inventory)
f - 119 stones (quivered)
Press: ? - help, Shift-Dir - straight line, f/p - ogre
Aim: an ogre, wielding a giant club (heavily wounded)
You shoot a stone. The stone barely misses the ogre.
The ogre hits you with a giant club!
You die...

#(..... #.# #
#####....... #.# #
#..........# #.# #
#..........# #.# #
##..........###.####
....................
#........(.(.......
#....(....(.(......
#.@O.$..?(.........
#..................
#.......?..........
#.....(............
###########........
#........ #........
....... ...##


You could see an ogre.

Vanquished Creatures
  A hound (D:4)
  An orc priest (D:4)
  A bullfrog skeleton (D:4)
  A worker ant (D:4)
  3 gnolls (D:2)
  3 adders
  2 oozes
  An adder skeleton (D:4)
  5 worms
  4 leopard geckos
  A ball python (D:2)
  2 giant cockroaches
  4 goblins
  3 hobgoblins
  9 jackals
  4 kobolds
  A quokka (D:4)
  6 bats
  2 frilled lizards
  8 rats
62 creatures vanquished.

Notes
Turn   | Place    | Note
-------+----------+-------------------------------------------
     0 | D:1      | Kohma the Naga Venom Mage began the quest for the Orb.
     0 | D:1      | Reached XP level 1. HP: 15/15 MP: 3/3
   888 | D:1      | Reached XP level 2. HP: 22/22 MP: 0/5
   895 | D:1      | Learned a level 2 spell: Poisonous Vapours
  1632 | D:2      | Reached skill level 5 in Poison Magic
  1632 | D:2      | Reached XP level 3. HP: 28/28 MP: 1/6
  2085 | D:2      | Reached skill level 6 in Poison Magic
  2085 | D:2      | Reached XP level 4. HP: 33/36 MP: 2/7
  2746 | D:3      | Found a radiant altar of Vehumet.
  2878 | D:3      | Found Gozag's Platinum Reserve.
  2915 | D:3      | Found an opulent altar of Gozag.
  2951 | D:3      | Learned a level 4 spell: Olgreb's Toxic Radiance
  3150 | D:3      | Found an iron altar of Okawaru.
  3326 | D:3      | Reached skill level 7 in Poison Magic
  3432 | D:3      | Reached XP level 5. HP: 39/42 MP: 2/8
  3848 | D:4      | Found a sacrificial altar of Ru.
  3916 | D:4      | Reached skill level 8 in Poison Magic
  3952 | D:4      | Reached XP level 6. HP: 36/49 MP: 9/9
  4004 | D:4      | Mangled by an ogre

Skill      XL: |  1  2  3  4  5 |
---------------+----------------+-----
Poison Magic   | 5 6 7 8 |  8.2
Fighting       | |  0.3
Dodging        | |  1.5
Stealth        | |  3.0
Spellcasting   | |  2.0
Conjurations   | |  1.9
Air Magic      | |  0.6

Action                   |  1- 3 |  4- 6 || total
-------------------------+-------+-------++-------
Melee: Unarmed           |     1 |       ||     1
       Short sword       |    16 |       ||    16
       Mace              |     9 |       ||     9
 Fire: Hunting sling     |       |   100 ||   100
 Cast: Sting             |    19 |    13 ||    32
       Poisonous Vapours |    18 |    28 ||    46
 Abil: Spit Poison       |     2 |       ||     2
  Use: Scroll            |     5 |     3 ||     8
       Potion            |       |     2 ||     2
  Eat: Chunk             |     1 |     7 ||     8
       Ration            |     1 |       ||     1
Armor: Robe              |     8 |       ||     8
       Ring mail         |     6 |    27 ||    33
       Leather armour    |       |    31 ||    31
Dodge: Dodged            |    16 |    65 ||    81
